 Dungeon Crawl Stone Soup version 0.29-a0-337-g68df138881 (webtiles) character file.

Game seed: 14006099830186472225

235 rageheart7 the Skirmisher (level 5, -1/44 HPs)
             Began as a Demonspawn Monk on Apr 16, 2022.
             Slain by Pikel
             ... wielding a +2 whip of freezing
              (5 damage)
             ... on level 4 of the Dungeon.
             The game lasted 00:05:15 (4038 turns).

rageheart7 the Skirmisher (Demonspawn Monk)         Turns: 4038, Time: 00:05:17

Health: -1/44      AC:  6    Str: 10 (13) XL:     5   Next: 76%
Magic:  6/6        EV: 10    Int: 12      God:
Gold:   140        SH:  0    Dex: 14 (15) Spells: 5/5 levels left

rFire   . . .      SeeInvis .   u - +5 flail
rCold   . . .      Faith    .   (no shield)
rNeg    . . .      Spirit   .   f - +0 ring mail
rPois   .          Reflect  .   (helmet restricted)
rElec   .          Harm     .   p - +0 cloak
rCorr   .          Rampage  .   (no gloves)
Will    .....                   (no boots)
Stlth   +.........              (no amulet)
HPRegen 0.14/turn               (no ring)
MPRegen 0.20/turn               (no ring)

@: no status effects
A: horns 1, demonic guardian 1, magic regeneration
a: no special abilities


You were on level 4 of the Dungeon.
You visited 1 branch of the dungeon, and saw 4 of its levels.

You collected 140 gold pieces.

Inventory:

Hand Weapons
 u - a +5 flail (weapon)
Armour
 f - a +0 ring mail (worn)
 j - a scarf of resistance
 n - a +1 helmet of see invisible
 p - a +0 cloak (worn)
Wands
 e - a wand of mindburst (17)
Scrolls
 b - 2 scrolls of fog
 h - a scroll of fear
 m - 2 scrolls of immolation {unknown}
 o - a scroll of noise {unknown}
 q - a scroll of holy word {unknown}
 t - a scroll of blinking {unknown}
Potions
 d - a potion of curing
 g - a potion of magic
 i - a potion of haste
 r - a potion of heal wounds {unknown}
 v - a potion of mutation {unknown}


   Skills:
 * Level 5.2 Fighting
 - Level 4.3 Axes
 - Level 2.6 Dodging
 - Level 1.7 Stealth
 + Level 0.9 Spellcasting


You had 5 spell levels left.
You didn't know any spells.
Your spell library contained the following spells:

 Spells                   Type           Power      Damage    Failure   Level
 Blink                    Tloc           0%         N/A       77%         2
 Sublimation of Blood     Necr           0%         N/A       77%         2
 Wereblood                Tmut           0%         N/A       77%         2
 Lesser Beckoning         Tloc           0%         N/A       94%         3
 Manifold Assault         Tloc           0%         N/A       100%        5
 Summon Hydra             Summ           0%         N/A       100%        7


Dungeon Overview and Level Annotations

Branches:
Dungeon (4/15)
 Temple: D:4-7

Altars:

Annotations:
D:4 Pikel


Innate Abilities, Weirdness & Mutations

You have a pair of small horns on your head.
A weak demonic guardian rushes to your aid.
You regenerate magic rapidly.


Message History

Pikel says, "I touched Geryon's horn once."
Pikel cracks his whip.
Okay, then.
As you read the scroll labelled NITWIE UGECENI, it crumbles to dust.
It is a scroll of enchant weapon.
Your +4 flail glows red for a moment.
You hit the lemure.
The lemure is moderately wounded.
The lemure hits you!
You barely miss the lemure. Your headbutt misses the lemure.
The lemure is moderately wounded.
The lemure misses you.
You sock the lemure! You headbutt the lemure.
The lemure is severely wounded.
The lemure barely misses you.
You barely miss the lemure. You headbutt the lemure.
The lemure is almost dead.
The lemure closely misses you.
The lemure shouts!
You hit Pikel.
Pikel is lightly wounded.
You closely miss Pikel.
Pikel is lightly wounded.
Pikel completely misses you.
You thump Pikel! Your headbutt misses Pikel.
Pikel is heavily wounded.
Pikel hits you with a +2 whip of freezing.
Pikel freezes you.
You barely miss Pikel. You headbutt Pikel, but do no damage.
Pikel is heavily wounded.
Pikel hits you with a +2 whip of freezing!
Pikel freezes you.
You barely miss Pikel. Your headbutt misses Pikel.
Pikel is heavily wounded.
Pikel hits you with a +2 whip of freezing.
Pikel freezes you.
Pikel hits you with a +2 whip of freezing!
* * * LOW HITPOINT WARNING * * *
A demonic guardian appears!
Pikel freezes you.
You die...

#. ##. #8.. #... ###
#######
##...##8###8#..^.##
..............##..####...
.............5###5.......
.....5......55K@.......##
##...##8###8#5#####....#
#. ### ##### ....# ..#.#
##.# #


You could see Pikel (ally target), 4 lemures and a friendly white imp
(summoned).

Vanquished Creatures
  An orc priest (D:3)
  Crazy Yiuf (D:3)
  Terence (D:3)
  2 orc wizards (D:3)
  A dart slug (D:1)
  8 orcs
  7 ball pythons
  7 endoplasms
  2 giant cockroaches
  7 goblins
  2 hobgoblins
  4 jackals (D:1)
  4 quokkas
  3 bats (D:1)
  5 frilled lizards
  A kobold (D:3)
  3 rats
59 creatures vanquished.

Vanquished Creatures (collateral kills)
  Ijyb (D:3)
  An orc (D:2)
  A hobgoblin (D:1)
3 creatures vanquished.

Grand Total: 62 creatures vanquished

Notes
Turn   | Place    | Note
-------+----------+-------------------------------------------
     0 | D:1      | rageheart7 the Demonspawn Monk began the quest for the Orb.
     0 | D:1      | Reached XP level 1. HP: 18/18 MP: 1/1
    16 | D:1      | Found a faded altar of an unknown god.
   524 | D:1      | Gained mutation: A weak demonic guardian rushes to your
                  | aid. [demonic ancestry]
   524 | D:1      | Reached XP level 2. HP: 23/24 MP: 2/2
  1484 | D:2      | Gained mutation: You regenerate magic rapidly. [demonic
                  | ancestry]
  1484 | D:2      | Reached XP level 3. HP: 27/29 MP: 3/3
  2542 | D:3      | Reached skill level 4 in Fighting
  2542 | D:3      | Gained mutation: You have a pair of small horns on your
                  | head. [demonic ancestry]
  2542 | D:3      | Reached XP level 4. HP: 18/37 MP: 4/4
  2939 | D:3      | Found a runed translucent door.
  2940 | D:3      | Noticed Crazy Yiuf
  2971 | D:3      | Noticed Terence
  2971 | D:3      | Noticed Ijyb
  2994 | D:3      | Killed Terence
  2995 | D:3      | Reached XP level 5. HP: 39/43 MP: 5/5
  3006 | D:3      | Killed Ijyb
  3411 | D:3      | Reached skill level 5 in Fighting
  3734 | D:3      | Killed Crazy Yiuf
  4018 | D:4      | Noticed a lemure
  4018 | D:4      | Noticed a lemure
  4019 | D:4      | Noticed a lemure
  4020 | D:4      | Noticed Pikel
  4020 | D:4      | Noticed a lemure
  4038 | D:4      | Slain by Pikel

Illustrated notes

Levels and vault maps discovered:
D:1:      zelgadis_glass_arrival_small, layout_loops_ring,
          chequers_ecumenical_altar_simple
D:2:      layout_basic, kennysheep_minor_cross, corexii_hall_statues_u
D:3:      layout_rooms, uniq_crazy_yiuf_cottage, uniq_terence, uniq_ijyb
D:4:      layout_rooms, mainiacjoe_overflow_alcove_1, serial_corexii_hall,
          corexii_hall_statues_u, chequers_hall_statues_corner_a,
          chequers_hall_statues_corner_a, corexii_hall_statues_x,
          enter_ossuary_5, uniq_pikel, uniq_menkaure, uniq_natasha

Skill      XL: |  1  2  3  4  5 |
---------------+----------------+-----
Axes           | 3 4 |  4.3
Fighting       | 4 5 |  5.2
Dodging        | |  2.6
Stealth        | |  1.7
Spellcasting   | |  0.9

Action                   |  1- 3 |  4- 6 || total
-------------------------+-------+-------++-------
Melee: Hand axe          |    53 |       ||    53
       Dagger            |    76 |    84 ||   160
       Punch             |     3 |       ||     3
       Headbutt          |       |    23 ||    23
       Flail             |       |     9 ||     9
  Use: Potion            |     1 |     2 ||     3
       Scroll            |     3 |     4 ||     7
 Stab: Sleeping          |     2 |       ||     2
Armor: Robe              |     2 |       ||     2
       Ring mail         |    56 |    18 ||    74
       Skin              |       |     2 ||     2
Dodge: Dodged            |    90 |    35 ||   125

Table legend: (Time is in decaauts)
 A = Elapsed time spent in this place.
 B = Non-inter-level travel time spent in this place.
 C = Inter-level travel time spent in this place.
 D = Time resting spent in this place.
 E = Time spent auto-exploring this place.
 F = Levels seen in this place.
 G = Mean time per level.
                   A        B        C        D        E       F      G
               +--------+--------+--------+--------+--------+-----+--------+
         Total |   4047 |   3982 |     65 |    212 |   3190 |   4 | 1011.8 |
       Dungeon |   4047 |   3982 |     65 |    212 |   3190 |   4 | 1011.8 |
               +--------+--------+--------+--------+--------+-----+--------+

Top non-repeatable levels by time:
     D:2: 1418 daAuts
     D:1: 1315 daAuts
     D:3: 1279 daAuts
     D:4: 33 daAuts
